 Dungeon Crawl Stone Soup version 0.30-a0-1043-g60ff8d5f49 (webtiles) character file.

Game seed: 9811785420896488176

1821976 bakla the Merfolkian Porcupine (level 26, 220/220 HPs)
             Began as a Merfolk Gladiator on Apr 9, 2023.
             Was a High Priest of Okawaru.
             Escaped with the Orb
             ... and 3 runes!
             The game lasted 02:26:44 (55402 turns).

bakla the Merfolkian Porcupine (Merfolk Gladiator) Turns: 55402, Time: 02:26:45

Health: 220/220    AC: 47    Str: 36    XL:     26   Next: 17%
Magic:  50/58      EV: 19    Int:  6    God:    Okawaru [*****.]
Gold:   2095       SH: 28    Dex: 20    Spells: 23/25 levels left

rFire   + + .      SeeInvis +    v - +8 demon trident "Rift" {distort, reach+}
rCold   + + .      Faith    .    r - +3 tower shield of Inference {Slay+2}
rNeg    + + .      Spirit   .    A - +13 crystal plate armour of a Labyrinth {Rampage rElec Str+7 Int-3}
rPois   .          Reflect  .    P - +3 hat of Pondering {ponderous, Will+ MP+10 Int+5}
rElec   +          Rampage  +    u - scarf "Qicyr Giddy" {repulsion, rN++ Will+ MP+9 Int-5}
rCorr   .                        b - +2 pair of gloves {Dex+3}
Will    +++..                    X - +3 pair of boots of the Postmodern Scars {Drain rF++ rC+ MP+9} Stlth
                                 N - amulet of regeneration
HPRegen 2.16/turn                S - +6 ring of strength
MPRegen 0.36/turn                D - ring of see invisible

@: studying Short Blades, repel missiles, slow
A: (nimble swimmer 2), mertail, cold resistance 1, low MP 1, regeneration 1,
inability to drink after injury 2, sturdy frame 1
0: Orb of Zot
}: 3/15 runes: decaying, silver, gossamer
a: Renounce Religion, Heroism, Finesse, Duel


You escaped.
You worshipped Okawaru.
Okawaru was extremely pleased with you.
You visited 10 branches of the dungeon, and saw 50 of its levels.
You visited 2 bazaars.
You also visited: Ice Cave and Volcano.

You collected 7723 gold pieces.
You spent 5628 gold pieces at shops.

Inventory:

Hand Weapons
 v - the +8 demon trident "Rift" (weapon) {distort, reach+}
   (Okawaru gifted it to you in an ice cave)
 I - a +8 demon trident of freezing
Missiles
 e - 8 javelins (quivered)
 O - a throwing net
Armour
 b - a +2 pair of gloves of dexterity (worn)
 j - a +5 kite shield of reflection
 r - the +3 tower shield of Inference (worn) {Slay+2}
   (You acquired it on level 5 of the Vaults)

   Slay:      It affects your accuracy & damage with ranged weapons and melee
   (+2).
 s - a scarf of resistance
 u - the scarf "Qicyr Giddy" (worn) {repulsion, rN++ Will+ MP+9 Int-5}
   (Okawaru gifted it to you on level 11 of the Dungeon)

   Int:       It affects your intelligence (-5).
   rN:        It greatly protects you from negative energy.
   MP:        It affects your magic capacity (+9).
   Will:      It increases your willpower.
 A - the +13 crystal plate armour of a Labyrinth (worn) {Rampage rElec Str+7 Int-3}
   (You acquired it on level 15 of the Dungeon)

   Str:       It affects your strength (+7).
   Int:       It affects your intelligence (-3).
   rElec:     It insulates you from electricity.
   Rampage:   It bestows one free step when moving towards enemies.
 P - the +3 hat of Pondering (worn) {ponderous, Will+ MP+10 Int+5}
   (You took it off Gastronok on level 11 of the Dungeon)

   Int:       It affects your intelligence (+5).
   MP:        It affects your magic capacity (+10).
   Will:      It increases your willpower.
 X - the +3 pair of boots of the Postmodern Scars (worn) {Drain rF++ rC+ MP+9}
   (You acquired it on level 2 of the Orcish Mines)

   rF:        It greatly protects you from fire.
   rC:        It protects you from cold.
   MP:        It affects your magic capacity (+9).
   Drain:     It drains your maximum health when unequipped.
Jewellery
 d - the necklace of Bloodlust {Fury *Rage Will++ Int-3 Slay+6}
   (You found it on level 2 of the Depths)

   [amulet of nothing]

   Fury:      It extends the wearer's berserk rage when killing foes.
   Int:       It affects your intelligence (-3).
   Slay:      It affects your accuracy & damage with ranged weapons and melee
   (+6).
   *Rage:     It berserks you when you make melee attacks (+50% chance).
   Will:      It greatly increases your willpower.
 n - a +4 ring of slaying
 q - a ring of willpower
 B - an amulet of faith
 D - a ring of see invisible (right hand)
 N - an amulet of regeneration (around neck)
 S - a +6 ring of strength (left hand)
 T - a +6 ring of strength
Wands
 C - a wand of iceblast (72)
 H - a wand of light (13)
 J - a wand of flame (89)
 L - a wand of digging (25)
 W - a wand of paralysis (7)
Scrolls
 m - 16 scrolls of teleportation
 o - 3 scrolls of amnesia
 w - 11 scrolls of fear
 x - 9 scrolls of blinking
 y - 6 scrolls of enchant armour
 z - 3 scrolls of fog
 M - 10 scrolls of immolation
 Q - 5 scrolls of poison
 R - 2 scrolls of silence
Potions
 a - 8 potions of lignification
 c - 3 potions of berserk rage
 f - 7 potions of attraction
 g - 11 potions of flight
 h - 10 potions of curing
 i - 7 potions of haste
 k - 4 potions of mutation
 l - 2 potions of brilliance
 p - 8 potions of magic
 t - 11 potions of ambrosia
 E - 6 potions of cancellation
 F - 3 potions of resistance
 G - 5 potions of might
 K - 3 potions of heal wounds
 V - a potion of invisibility
Miscellaneous
 U - a condenser vane
 Y - a phial of floods


   Skills:
 + Level 20.8 Fighting
 O Level 27 Polearms
 - Level 2.0 Throwing
 - Level 15.0 Armour
 - Level 19.0 Dodging
 - Level 24.0 Shields
 - Level 15.0 Invocations
 - Level 8.2 Evocations


You had 23 spell levels left.
You knew the following spells:

 Your Spells              Type           Power      Damage    Failure   Level
a - Wereblood             Tmut           0%         N/A       100%        2

Your spell library contained the following spells:

 Spells                   Type           Power      Damage    Failure   Level
 Apportation              Tloc           0%         N/A       99%         1
 Beastly Appendage        Tmut           0%         N/A       99%         1
 Freeze                   Ice            0%         1d3       99%         1
 Magic Dart               Conj           0%         1d3       99%         1
 Necrotise                Necr           0%         1d4       99%         1
 Sandblast                Erth           0%         2d4       99%         1
 Shock                    Conj/Air       0%         1d3       99%         1
 Ensorcelled Hibernation  Hex/Ice        0%         N/A       100%        2
 Lesser Beckoning         Tloc           0%         N/A       100%        2
 Momentum Strike          Conj/Tloc      0%         3d8       100%        2
 Passwall                 Tmut/Erth      0%         N/A       100%        2
 Scorch                   Fire           0%         2d5       100%        2
 Searing Ray              Conj           0%         2d4       100%        2
 Static Discharge         Conj/Air       0%         2-2/arc   100%        2
 Sublimation of Blood     Necr           0%         N/A       100%        2
 Dazzling Flash           Conj/Hex       0%         N/A       100%        3
 Frozen Ramparts          Ice            0%         1d1       100%        3
 Gell's Gravitas          Tloc           0%         N/A       100%        3
 Hailstorm                Conj/Ice       0%         3d3       100%        3
 Ignite Poison            Fire/Tmut/Pois 0%         N/A       100%        3
 Inner Flame              Hex/Fire       0%         N/A       100%        3
 Ozocubu's Armour         Ice            0%         N/A       100%        3
 Portal Projectile        Hex/Tloc       0%         N/A       100%        3
 Spider Form              Tmut/Pois      0%         N/A       100%        3
 Stone Arrow              Conj/Erth      0%         3d7       100%        3
 Swiftness                Air            0%         N/A       100%        3
 Teleport Other           Tloc           0%         N/A       100%        3
 Vhi's Electric Charge    Tloc/Air       0%         N/A       100%        3
 Airstrike                Air            0%         2d(0-16)  100%        4
 Anguish                  Hex/Necr       0%         N/A       100%        4
 Cause Fear               Hex            0%         N/A       100%        4
 Flame Wave               Conj/Fire      0%         2d4       100%        4
 Fulminant Prism          Conj/Hex       0%         3d5       100%        4
 Iskenderun's Mystic Bla  Conj/Tloc      0%         2d3       100%        4
 Petrify                  Tmut/Erth      0%         N/A       100%        4
 Sticky Flame             Conj/Fire      0%         2d3       100%        4
 Agony                    Necr           0%         N/A       100%        5
 Arcjolt                  Conj/Air       0%         1d10      100%        5
 Blade Hands              Tmut           0%         N/A       100%        5
 Fireball                 Conj/Fire      0%         3d3       100%        5
 Freezing Cloud           Conj/Ice/Air   0%         6-21      100%        5
 Irradiate                Conj/Tmut      0%         3d11      100%        5
 Iskenderun's Battlesphe  Conj           0%         2d6       100%        5
 Metabolic Englaciation   Hex/Ice        0%         N/A       100%        5
 Silence                  Hex/Air        0%         N/A       100%        5
 Conjure Ball Lightning   Conj/Air       0%         3x3d6     100%        6
 Dispersal                Tloc           0%         N/A       100%        6
 Eringya's Noxious Bog    Tmut/Pois      0%         N/A       100%        6
 Plasma Beam              Fire/Air       0%         2x1d11    100%        6
 Statue Form              Tmut/Erth      0%         N/A       100%        6
 Enfeeble                 Hex            0%         N/A       100%        7
 Orb of Destruction       Conj           0%         9d5       100%        7
 Ozocubu's Refrigeration  Ice            0%         4d7       100%        7
 Ignition                 Fire           0%         3d3       100%        8
 Lehudib's Crystal Spear  Conj/Erth      0%         10d2      100%        8
 Necromutation            Tmut/Necr      0%         N/A       100%        8
 Summon Small Mammal      Summ           Unusable   N/A       N/A         1
 Tukima's Dance           Hex            Unusable   N/A       N/A         3
 Summon Ice Beast         Ice/Summ       Unusable   N/A       N/A         4
 Summon Lightning Spire   Summ/Air       Unusable   N/A       N/A         4
 Summon Forest            Summ/Tloc      Unusable   N/A       N/A         5
 Death Channel            Necr           Unusable   N/A       N/A         6
 Summon Hydra             Summ           Unusable   N/A       N/A         7

Dungeon Overview and Level Annotations

Branches:
Dungeon (15/15)            Temple (1/1) D:4            Lair (5/5) D:9
  Swamp (4/4) Lair:3       Spider (4/4) Lair:3        Slime (5/5) Lair:5
    Orc (2/2) D:11            Elf (0/3) Orc:2        Vaults (5/5) D:13
  Crypt (0/3) Vaults:2     Depths (4/4) D:15            Zot (5/5) Depths:4
  IceCv (visited)         Volcano (visited)

Altars:
Ashenzari
Cheibriados
Dithmenos
Elyvilon
Fedhas
Hepliaklqana
Kikubaaqudgha
Makhleb
Nemelex Xobeh
Okawaru
Qazlal
Sif Muna
Vehumet
Wu Jian
Xom
Yredelemnul
Zin
The Shining One
Jiyva

Shops:
D:1 [   D:15 ?([   Orc:2 [!=*   Vaults:1 *=   Vaults:3 *   Depths:2 (

Portals:
Hell: Depths:1 Depths:2 Depths:3 Depths:4
Abyss: Depths:3
Pandemonium: Orc:2 Depths:2 Depths:4
Ziggurat: Depths:2

Annotations:
D:3 1 transporter, DeathPants's ghost, weakling VSGl
D:4 1 runed translucent door, Crazy Yiuf
Depths:1 3 runed translucent doors
Zot:2 exclusion: upstairs
Zot:3 exclusion: 2 upstairs
Zot:4 exclusion: 2 upstairs
Zot:5 exclusion: 2 upstairs
Abyss:1 Josephina; Royal Jelly; Tiamat


Innate Abilities, Weirdness & Mutations

((You are very nimble when in or above water. (Stealth+, EV+, Speed+++)))
Your lower body shifts to a powerful aquatic tail in water.
Your flesh is cold resistant. (rC+)
Your magical capacity is low. (-10% MP)
Your natural rate of healing is unusually fast.
You sometimes lose the ability to drink potions when taking damage.
Your movements are slightly less encumbered by armour. (ER -2)


Message History

You block the Executioner's attack.
The Executioner hits you but does no damage.
You block the Executioner's attack. x2
The Executioner hits you but does no damage.
You block the Executioner's attack.
You impale the Executioner!!
You kill the Executioner!
Okawaru accepts your kill.
No target in view!
(D) Dungeon (T) Temple (L) Lair (S) Swamp (N) Spider Nest (M) Slime Pits (O) Orcish Mines (E) Elven Halls (V) Vaults (C) Crypt (U) Depths (H) Hell (Z) Zot
Where to? (Enter - D:1 @ (x,y), ? - help)
A lorocyproca comes into view.
You barely miss the lorocyproca.
Your extra speed is starting to run out.
You impale the lorocyproca!!
Space warps around the lorocyproca!
The lorocyproca is heavily wounded.
You puncture the lorocyproca!
Space warps around the lorocyproca.
The lorocyproca is severely wounded.
You perforate the lorocyproca like a sieve!!!
You kill the lorocyproca!
Okawaru accepts your kill.
(D) Dungeon (T) Temple (L) Lair (S) Swamp (N) Spider Nest (M) Slime Pits (O) Orcish Mines (E) Elven Halls (V) Vaults (C) Crypt (U) Depths (H) Hell (Z) Zot
Where to? (Enter - D:1 @ (x,y), ? - help)
You feel yourself slow down.
There is a stone staircase leading up here.
You climb upwards.
There is a stone staircase leading down here.
Your legs become a tail as you enter the water.
The +3 pair of boots of the Postmodern Scars {Drain rF++ rC+ MP+9} melds into your body.
You feel your magic capacity decrease.
The +3 pair of boots of the Postmodern Scars {Drain rF++ rC+ MP+9} unmelds from your body.
There is a large open door here.
There is a staircase leading out of the dungeon here.
You have escaped!

#.# #.########...## #. #.#
######........##..# ######. #.#
#......#...§..###.# #...... #.#
#.####~~~≈§≈§§~~#.# #.###.. #.#
#.# #~8~~≈§§~8~#.# #.#.... #.#
#.####~~8~~~~8~~#.# #.#.#.. #.#
#.....§~~#''#§§§#.###...... #.#
######≈≈~#..#§≈≈#.......... #.#
#≈≈~#@.#§≈§#..####.### #.#
#§~~####~~≈#..# #.# #.#
#~~8~~~~8~~#..# #.# #.#
#~8~~§≈~~8~#..# #.# #.#
#~~~§§≈≈~~~#..####.#
###.#################.#.......#
..........# #.##.####.#
##..#####.# #.##.# #.# #.## #.#
####.##.# #.#


There were no monsters in sight!

Vanquished Creatures
  3 dread liches
  3 ancient liches
  Mara (Vaults:3)
  2 orbs of fire (Zot:5)
  Sojobo (Arena)
  Margery (Vaults:3)
  Frederick (Vaults:4)
  Xtahua (Vaults:2)
  A curse toe (Zot:5)
  2 Killer Klowns (Zot:5)
  Nikola (Swamp:3)
  the Enchantress (Depths:1)
  3 golden dragons
  A bone dragon (Depths:4)
  4 electric golems
  12 tentacled monstrosities
  A walking crystal tome (Depths:4)
  18 Orb Guardians
  3 liches
  5 quicksilver dragons
  A walking divine tome (Depths:3)
  An Executioner (D:2)
  14 acid blobs
  2 titans (Vaults:5)
  An ancient champion (Vaults:2)
  A death cob (Zot:2)
  4 thorn hunters
  4 sphinxes
  Gastronok (D:11)
  4 shadow dragons
  2 storm dragons (Vaults:5)
  Donald (Vaults:1)
  6 tengu reavers
  A deep elf sorcerer (Vaults:5)
  5 draconian monks
  10 rockslimes
  11 azure jellies
  5 frost giants
  5 draconian knights
  3 emperor scorpions (Spider:4)
  14 vault wardens
  5 fire giants
  4 draconian scorchers
  4 draconian shifters
  9 ghost moths
  A juggernaut zombie (Depths:1)
  3 draconian stormcallers (Zot:1)
  A ghoul (Vaults:2)
  An iron dragon (Vaults:5)
  9 quicksilver oozes
  A cacodemon (Depths:4)
  5 spriggan defenders
  18 very ugly things
  20 ironbound preservers
  14 stone giants
  3 war gargoyles
  2 draconian annihilators
  A broodmother (Spider:3)
  3 ironbound thunderhulks
  5 green draconians
  4 eleionomae
  5 black draconians
  5 vampire knights
  A lorocyproca (D:2)
  11 dire elephants
  3 purple draconians
  4 white draconians
  3 yellow draconians
  3 red draconians
  9 spark wasps
  2 crystal guardians
  4 bunyips
  11 ettins
  An eidolon (Vaults:2)
  A deep elf high priest (Vaults:5)
  4 shambling mangroves
  5 yaktaur captains
  11 fire dragons
  5 entropy weavers
  43 vault guards
  8 great orbs of eyes
  11 hydras
  3 rakshasas
  3 demonspawn (Orc:2)
  A caustic shrike simulacrum (Depths:1)
  2 peacekeepers
  A catoblepas (Lair:5)
  A jorogumo (Spider:1)
  4 radroaches
  An ogre mage (Vaults:5)
  4 ironbound frosthearts
  6 spriggan air magi
  4 ice dragons
  4 boulder beetles
  6 centaur warriors
  A death knight (D:14)
  2 tengu warriors
  A boulder beetle (shapeshifter) (Depths:3)
  4 two-headed ogres
  A deep troll shaman (Depths:2)
  10 alligators
  2 orc high priests (Orc:2)
  7 deep troll earth magi
  16 hell knights
  2 sun demons
  2 skysharks (Lair:5)
  2 soul eaters
  2 spriggan berserkers (Depths:4)
  Amaemon (Lair:2)
  2 sixfirhies
  A storm dragon skeleton (Depths:1)
  8 pharaoh ants
  3 iron trolls
  2 shadow wraiths
  2 skeletal warriors (D:14)
  9 orb spiders
  3 flayed ghosts
  60 deep trolls
  4 swamp dragons (Swamp:4)
  7 spriggan druids
  3 goliath frogs
  4 wizards
  5 bog bodies
  A golden dragon skeleton (Depths:3)
  A lindwurm (shapeshifter) (Vaults:3)
  2 spectral hydras (Swamp:4)
  5 orc knights
  2 orange crystal statues (IceCv)
  3 harpies (Vaults:5)
  Pikel (D:7)
  18 ironbound convokers
  3 deep elf pyromancers
  9 necromancers
  5 lindwurms
  7 phantasmal warriors
  4 steelbarb worms
  15 ugly things
  4 oklob plants
  10 orc sorcerers (Orc:2)
  19 wolf spiders
  4 cyclopes
  A frost giant zombie (Depths:1)
  15 moths of wrath
  2 manticores
  A will-o-the-wisp (Swamp:2)
  3 salamanders (Volcano)
  6 shining eyes
  2 fire giant zombies (Depths:1)
  12 vault sentinels
  A guardian serpent (shapeshifter) (Vaults:5)
  3 black mambas
  A frost giant skeleton (Depths:1)
  A sphinx skeleton (Depths:3)
  5 torpor snails
  8 demonic crawlers
  2 rust devils
  5 orange demons
  30 cane toads
  A smoke demon (Zot:5)
  5 elephants
  A storm dragon simulacrum (Zot:2)
  5 rime drakes
  3 kobold demonologists (D:11)
  4 tengu conjurers
  A spark wasp simulacrum (Depths:3)
  15 komodo dragons
  A red devil (Depths:4)
  21 yaktaurs
  6 freezing wraiths
  2 ghost moth simulacra (Zot:2)
  2 hydra zombies (Swamp:4)
  A bloated husk (Swamp:4)
  3 trolls
  A sphinx simulacrum (Depths:3)
  2 hellwings
  19 hornets
  7 tyrant leeches
  A death drake zombie (Swamp:4)
  28 tarantellas
  17 blink frogs
  Prince Ribbit (D:6)
  5 hydra skeletons (Swamp:4)
  A fire giant simulacrum (Depths:3)
  4 dream sheep (Lair:5)
  96 slime creatures
  A culicivora (shapeshifter) (Vaults:1)
  A flying skull (Vaults:2)
  10 spriggans
  58 yaks
  38 jumping spiders
  3 shadows
  24 culicivoras
  A water elemental (Depths:1)
  A yak (shapeshifter) (D:14)
  Eustachio (D:6)
  3 wraiths
  8 basilisks
  13 fire bats
  7 steam dragons
  9 wyverns
  4 golden eyes (Slime:5)
  A chaos spawn (Depths:4)
  18 vampire mosquitoes
  55 redbacks
  Edmund (D:4)
  Menkaure (D:6)
  2 wargs (Orc:2)
  13 swamp worms
  2 hydra simulacra (Swamp:4)
  Duvessa (D:6)
  An acid dragon (D:12)
  14 water moccasins
  A glowing shapeshifter skeleton (Depths:3)
  2 floating eyes
  30 orc warriors
  5 swamp drakes
  A black bear (D:5)
  2 great orb of eyes simulacra (IceCv)
  3 ice beasts
  9 ogres
  A swamp dragon zombie (Swamp:4)
  2 spriggan simulacra
  4 wolves (Lair:1)
  A swamp dragon skeleton (Swamp:4)
  6 centaurs (D:11)
  A phantom (D:4)
  4 slime creature simulacra (IceCv)
  2 kobold brigands
  12 bullfrogs
  A gnoll sergeant (D:5)
  3 scorpions
  8 glowing shapeshifter simulacra
  4 wights (D:9)
  Dowan (D:6)
  11 killer bees
  4 electric eels
  3 howler monkeys (D:10)
  5 hounds
  6 jellies
  A gnoll bouda (D:7)
  23 orc priests
  3 sleepcaps
  Jessica (D:3)
  An iguana (D:4)
  30 orc wizards
  A boggart simulacrum (D:15)
  12 gnolls
  12 adders
  A shadow imp (D:7)
  A white imp (D:6)
  A worm (D:3)
  4 dart slugs
  87 orcs
  8 ball pythons
  5 bats
  6 endoplasms
  4 giant cockroaches
  6 hobgoblins
  A jackal (D:2)
  11 quokkas
  4 frilled lizards
  9 goblins
  12 kobolds
  3 rats
1764 creatures vanquished.

Vanquished Creatures (others)
  An Orb Guardian (Zot:5)
  A white draconian (Zot:2)
  A bunyip (Swamp:3)
  A vampire mage (Depths:2)
  A moth of wrath (Zot:2)
  A ghost moth simulacrum (Zot:2)
  A komodo dragon (Volcano)
  A culicivora (Spider:1)
  A wyvern (D:6)
  A swamp worm (Swamp:1)
  An orc warrior (Orc:2)
  An orc wizard (D:11)
  7 briar patches (Swamp:3)
  2 demonic plants (D:14)
  4 foxfires (Swamp:2)
  106 fungi
  158 plants
289 creatures vanquished.

Grand Total: 2053 creatures vanquished

Notes
Turn   | Place    | Note
-------+----------+-------------------------------------------
     0 | D:1      | bakla the Merfolk Gladiator began the quest for the Orb.
     0 | D:1      | Reached XP level 1. HP: 16/16 MP: 1/1
    84 | D:1      | Found Bibbeme's Antique Armour Shop.
   329 | D:1      | Reached XP level 2. HP: 21/23 MP: 2/2
   824 | D:2      | Reached XP level 3. HP: 27/28 MP: 3/3
   999 | D:2      | Reached skill level 1 in Armour
  1207 | D:2      | Reached XP level 4. HP: 22/35 MP: 4/4
  1819 | D:3      | Noticed an ogre
  1820 | D:3      | Noticed DeathPants's ghost (weakling VSGl)
  1820 | D:3      | Noticed an ogre
  1822 | D:3      | Found a transporter.
  1825 | D:3      | Identified the +7 great mace "Faimp" {heavy, rPois}
  1825 | D:3      | Noticed an ogre
  1830 | D:3      | Found a faded altar of an unknown god.
  2064 | D:3      | Reached skill level 5 in Polearms
  2064 | D:3      | Reached skill level 5 in Dodging
  2336 | D:3      | Noticed Jessica
  2345 | D:3      | Killed Jessica
  2346 | D:3      | Reached XP level 5. HP: 41/41 MP: 5/5
  2348 | D:3      | Found a shimmering blue altar of Sif Muna.
  2696 | D:3      | Reached XP level 6. HP: 41/48 MP: 6/6
  3174 | D:1      | Bought an embroidered cloak for 210 gold pieces
  3314 | D:4      | Found a staircase to the Ecumenical Temple.
  3331 | Temple   | Entered the Ecumenical Temple
  3373 | Temple   | Became a worshipper of Warmaster Okawaru
  3428 | D:4      | Noticed Edmund
  3464 | D:4      | Killed Edmund
  3465 | D:4      | Reached skill level 1 in Invocations
  3485 | D:4      | Reached skill level 6 in Polearms
  3485 | D:4      | Reached XP level 7. HP: 40/55 MP: 4/8
  3564 | D:4      | Found a runed translucent door.
  3565 | D:4      | Noticed Crazy Yiuf
  3608 | D:4      | Learned a level 2 spell: Wereblood
  3847 | D:4      | Identified the +0 chain mail of the Hurricane {Str+3 Dex+2}
  4313 | D:5      | Entered Level 5 of the Dungeon
  4424 | D:5      | Reached * piety under Okawaru
  4526 | D:5      | Noticed an angel
  4527 | D:5      | Found a glowing silver altar of Zin.
  4548 | D:5      | Reached skill level 5 in Fighting
  4548 | D:5      | Reached XP level 8. HP: 62/62 MP: 9/9
  4584 | D:5      | Found a hazy altar of Hepliaklqana.
  4677 | D:5      | Reached skill level 7 in Polearms
  4861 | D:6      | Noticed Duvessa
  4861 | D:6      | Noticed Dowan
  4871 | D:6      | Noticed a wyvern
  4877 | D:6      | Killed Duvessa
  4892 | D:6      | Killed a wyvern
  4897 | D:6      | Killed Dowan
  4897 | D:6      | Reached ** piety under Okawaru
  5007 | D:6      | Noticed Menkaure
  5023 | D:6      | Killed Menkaure
  5193 | D:6      | Noticed Prince Ribbit
  5220 | D:6      | Killed Prince Ribbit
  5492 | D:6      | Reached XP level 9. HP: 64/69 MP: 12/12
  5553 | D:6      | Reached skill level 8 in Polearms
  5627 | D:6      | Reached *** piety under Okawaru
  5703 | D:6      | Noticed Eustachio
  5786 | D:6      | Killed Eustachio
  6243 | D:7      | Reached skill level 5 in Invocations
  6392 | D:7      | Noticed Pikel
  6422 | D:7      | Killed Pikel
  6422 | D:7      | Reached **** piety under Okawaru
  6423 | D:7      | Reached skill level 9 in Polearms
  6714 | D:1      | Bought a glowing helmet for 210 gold pieces
  7368 | D:8      | Reached XP level 10. HP: 60/79 MP: 10/14
  7712 | D:8      | Reached ***** piety under Okawaru
  8338 | D:8      | Reached skill level 5 in Armour
  8338 | D:8      | Reached skill level 1 in Shields
  8897 | D:9      | Identified the +5 robe of Beyond {Will+}
  9056 | D:9      | Identified the +1 glaive "Asoqekat" {flame, Drain rPois
                  | rC+++ Str-4} (Okawaru gifted it to you on level 9 of the
                  | Dungeon)
  9056 | D:9      | Received a gift from Okawaru
  9079 | D:9      | Paralysed by a hornet for 2 turns
  9079 | D:9      | Found a staircase to the Lair.
  9079 | D:9      | Noticed an elephant
  9084 | D:10     | Entered Level 10 of the Dungeon
  9380 | D:10     | Found a shimmering altar of Xom.
  9387 | D:10     | Found a sparkling altar of Nemelex Xobeh.
  9424 | D:10     | Reached skill level 10 in Polearms
  9623 | D:9      | Killed an elephant
  9624 | D:9      | Reached skill level 10 in Dodging
  9811 | D:9      | Found a stormy altar of Qazlal.
  9813 | D:9      | Found a burning altar of Makhleb.
  9950 | D:9      | Reached XP level 11. HP: 80/87 MP: 16/16
  9955 | D:9      | Reached skill level 11 in Polearms
 10696 | D:1      | Bought an embroidered hat for 196 gold pieces
 11167 | D:10     | Identified the +9 shortbow of Aptatu Izxi {flame, rElec
                  | MP+9} (Okawaru gifted it to you on level 10 of the Dungeon)
 11167 | D:10     | Received a gift from Okawaru
 11410 | D:10     | Reached skill level 12 in Polearms
 11784 | D:11     | Noticed a deep elf pyromancer
 11804 | D:11     | Killed a deep elf pyromancer
 11967 | D:11     | Noticed Gastronok
 11983 | D:11     | Killed Gastronok
 11983 | D:11     | Identified the scarf "Qicyr Giddy" {repulsion, rN++ Will+
                  | MP+9 Int-5} (Okawaru gifted it to you on level 11 of the
                  | Dungeon)
 11983 | D:11     | Received a gift from Okawaru
 11984 | D:11     | Reached skill level 13 in Polearms
 11993 | D:11     | Reached XP level 12. HP: 72/95 MP: 12/18
 12183 | D:11     | Found a staircase to the Orcish Mines.
 12486 | Lair:1   | Entered Level 1 of the Lair of Beasts
 12674 | Lair:1   | Reached skill level 14 in Polearms
 12705 | Lair:1   | Reached skill level 10 in Fighting
 12719 | Lair:1   | Found a dark tunnel.
 12728 | Volcano  | Entered a volcano
 12846 | Volcano  | Noticed a two-headed ogre
 12862 | Volcano  | Killed a two-headed ogre
 13046 | Volcano  | Noticed a two-headed ogre
 13055 | Volcano  | Killed a two-headed ogre
 13055 | Volcano  | Received a gift from Okawaru
 13062 | Volcano  | Reached skill level 15 in Polearms
 13077 | Volcano  | Reached XP level 13. HP: 75/104 MP: 20/20
 13196 | Volcano  | Noticed a fire dragon
 13224 | Volcano  | Killed a fire dragon
 14345 | Lair:2   | Reached skill level 10 in Invocations
 14577 | Lair:2   | Noticed Amaemon
 14596 | Lair:2   | Killed Amaemon
 14598 | Lair:2   | Identified the +1 crystal plate armour of a Labyrinth {Harm
                  | +Inv Dex+2 Stlth-} (Okawaru gifted it to you on level 2 of
                  | the Lair of Beasts)
 14598 | Lair:2   | Received a gift from Okawaru
 15252 | Lair:3   | Found a hole to the Spider Nest.
 15400 | Lair:3   | Found a staircase to the Swamp.
 15476 | Lair:3   | Identified the +6 scale mail "Usonwocy" {Dex+2}
 15926 | Lair:4   | Reached ****** piety under Okawaru
 16232 | Lair:4   | Reached XP level 14. HP: 104/114 MP: 21/21
 16892 | Lair:5   | Entered Level 5 of the Lair of Beasts
 16939 | Lair:5   | Got the Grimoire of the Dragon
 17067 | Lair:5   | Identified the +9 glaive "Qekkough" {heavy, Int+2} (Okawaru
                  | gifted it to you on level 5 of the Lair of Beasts)
 17067 | Lair:5   | Received a gift from Okawaru
 17223 | Lair:5   | Reached skill level 15 in Dodging
 17495 | Lair:5   | Received a gift from Okawaru
 18022 | Lair:5   | Found a staircase to the Slime Pits.
 19232 | D:13     | Found a gate to the Vaults.
 19242 | D:13     | Identified the +1 bardiche of Isoureju {speed, rElec rPois
                  | rN+} (Okawaru gifted it to you on level 13 of the Dungeon)
 19242 | D:13     | Received a gift from Okawaru
 19263 | D:13     | Reached XP level 15. HP: 124/124 MP: 23/23
 19758 | D:14     | Received a gift from Okawaru
 19990 | D:14     | Found a radiant altar of Vehumet.
 20344 | D:14     | You are sucked into a shaft and drop 1 floor!
 20344 | D:15     | Entered Level 15 of the Dungeon
 20412 | D:15     | Found Xean's Armour Emporium.
 20454 | D:15     | Found a frozen archway.
 20488 | IceCv    | Entered an ice cave
 20754 | IceCv    | Noticed an azure jelly
 20764 | IceCv    | Received a gift from Okawaru
 20764 | IceCv    | Found the +8 demon trident "Rift" {distort, reach+}
 21007 | IceCv    | Reached skill level 10 in Armour
 21024 | IceCv    | Noticed an azure jelly
 21026 | IceCv    | Found a viscous altar of Jiyva.
 21026 | IceCv    | Noticed an azure jelly
 21030 | IceCv    | Killed an azure jelly
 21030 | IceCv    | Noticed an azure jelly
 21031 | IceCv    | Noticed a rockslime
 21044 | IceCv    | Killed an azure jelly
 21169 | IceCv    | Killed a rockslime
 21179 | IceCv    | Killed an azure jelly
 21195 | IceCv    | Got the Omnibus of Freezing
 21200 | IceCv    | Got Fitarphyg's Discourse on Rime
 21390 | D:15     | Found Jummafog's Weapon Boutique.
 21476 | D:15     | Found a staircase to the Depths.
 21485 | D:15     | Received a gift from Okawaru
 21528 | D:15     | Found Letao's Magic Scroll Shoppe.
 21557 | D:15     | Bought a scroll of acquirement for 832 gold pieces
 21557 | D:15     | Acquired the +13 crystal plate armour of a Labyrinth
                  | {Rampage rElec Str+7 Int-3}
 22166 | Orc:1    | Entered Level 1 of the Orcish Mines
 22524 | Orc:2    | Entered Level 2 of the Orcish Mines
 22542 | Orc:2    | Found a staircase to the Elven Halls.
 22585 | Orc:2    | Reached XP level 16. HP: 134/134 MP: 25/25
 22738 | Orc:2    | Found a flickering gateway to a bazaar.
 22747 | Bazaar   | Entered a bazaar
 22747 | Bazaar   | Found Ynygik's Distillery.
 22747 | Bazaar   | Found Jyn Goas's Book Emporium.
 22787 | Bazaar   | Found Asoeng's Jewellery Shop.
 22799 | Bazaar   | Found Sejezu Vuta's Jewellery Boutique.
 22819 | Bazaar   | Found Geujiud's General Store.
 22839 | Bazaar   | Bought a potion of haste for 150 gold pieces
 22839 | Bazaar   | Bought a potion of might for 60 gold pieces
 22839 | Bazaar   | Bought a potion of might for 60 gold pieces
 22839 | Bazaar   | Bought a potion of resistance for 150 gold pieces
 22839 | Bazaar   | Bought a potion of heal wounds for 75 gold pieces
 22901 | Orc:2    | Found Hiryhyla's Distillery.
 22909 | Orc:2    | Found Voaliyr's General Store.
 22917 | Orc:2    | Identified the +1 pair of boots of Weightlessness {SInv}
                  | (Okawaru gifted it to you on level 2 of the Orcish Mines)
 22917 | Orc:2    | Received a gift from Okawaru
 23543 | Orc:2    | Found Noyraesk's Antique Armour Emporium.
 23543 | Orc:2    | Found Yfraweh's Jewellery Shoppe.
 23544 | Orc:2    | Found a one-way gate leading to the halls of Pandemonium.
 23958 | Swamp:1  | Entered Level 1 of the Swamp
 23968 | Swamp:1  | Reached skill level 15 in Fighting
 24091 | Arena    | Entered the Arena
 24500 | Swamp:2  | Noticed a thorn hunter
 24505 | Swamp:2  | Banished a thorn hunter
 25090 | Swamp:3  | Noticed a thorn hunter
 25095 | Swamp:3  | Banished a thorn hunter
 25099 | Swamp:3  | Noticed a thorn hunter
 25099 | Swamp:3  | Noticed a thorn hunter
 25099 | Swamp:3  | Noticed a thorn hunter
 25106 | Swamp:3  | Banished a thorn hunter
 25113 | Swamp:3  | Killed a thorn hunter
 25129 | Swamp:3  | Killed a thorn hunter
 25214 | Swamp:3  | Noticed a thorn hunter
 25242 | Swamp:3  | Killed a thorn hunter
 25253 | Swamp:3  | Noticed Nikola
 25267 | Swamp:3  | Reached XP level 17. HP: 127/143 MP: 27/27
 25284 | Swamp:3  | Killed Nikola
 25541 | Swamp:3  | Received a gift from Okawaru
 26275 | Swamp:4  | Entered Level 4 of the Swamp
 26813 | Orc:2    | Bought a scroll of acquirement for 832 gold pieces
 26813 | Orc:2    | Acquired the +3 pair of boots of the Postmodern Scars
                  | {Drain rF++ rC+ MP+9}
 26814 | Orc:2    | Acquired 969 gold pieces
 26831 | Orc:2    | Bought 2 potions of haste for 340 gold pieces
 26831 | Orc:2    | Bought a potion of might for 68 gold pieces
 27372 | Swamp:4  | Reached skill level 15 in Invocations
 27374 | Swamp:4  | Received a gift from Okawaru
 27439 | Swamp:4  | Found a basalt altar of Yredelemnul.
 27646 | Swamp:4  | Found a blossoming altar of Fedhas.
 27839 | Swamp:4  | Got a decaying rune of Zot
 28819 | Spider:1 | Entered Level 1 of the Spider Nest
 29085 | Spider:1 | Reached XP level 18. HP: 114/155 MP: 1/29
 29309 | Spider:1 | Received a gift from Okawaru
 30924 | Spider:2 | Reached skill level 16 in Polearms
 31135 | Spider:2 | Identified the +7 chain mail of Rijumawu {rC+}
 31539 | Spider:2 | Received a gift from Okawaru
 32890 | Spider:4 | Entered Level 4 of the Spider Nest
 32901 | Spider:4 | Reached skill level 17 in Polearms
 33470 | Spider:4 | Received a gift from Okawaru
 33679 | Spider:4 | Reached XP level 19. HP: 165/165 MP: 30/30
 34625 | Spider:4 | Identified the +1 hand crossbow of the Boiling Point
                  | {penet, Drain rElec Int+5} (Okawaru gifted it to you on
                  | level 4 of the Spider Nest)
 34625 | Spider:4 | Received a gift from Okawaru
 34974 | Spider:4 | Reached skill level 18 in Polearms
 35244 | Spider:4 | Got a gossamer rune of Zot
 35549 | Slime:1  | Entered Level 1 of the Pits of Slime
 36200 | Slime:3  | Gained mutation: You are weak. (Str -2) [a shining eye]
 36207 | Slime:3  | Gained mutation: Your spells are a little easier to cast,
                  | but a little less powerful. [a shining eye]
 36224 | Slime:3  | Gained mutation: You have hidden genetic defects. [a
                  | shining eye]
 36330 | Slime:3  | Lost mutation: You have hidden genetic defects. [potion of
                  | mutation]
 36330 | Slime:3  | Lost mutation: Your spells are a little easier to cast, but
                  | a little less powerful. [potion of mutation]
 36330 | Slime:3  | Gained mutation: You possess an exceptional clarity of
                  | mind. [potion of mutation]
 36330 | Slime:3  | Gained mutation: Your natural rate of healing is unusually
                  | fast. [potion of mutation]
 36330 | Slime:3  | Gained mutation: You have hidden genetic defects. [potion
                  | of mutation]
 36580 | Slime:5  | Entered Level 5 of the Pits of Slime
 36902 | Slime:5  | Received a gift from Okawaru
 36903 | Slime:5  | Reached skill level 19 in Polearms
 37004 | Slime:5  | Lost mutation: You possess an exceptional clarity of mind.
                  | [hidden defects]
 37357 | Slime:5  | Found a viscous altar of Jiyva.
 37358 | Slime:5  | Noticed the Royal Jelly
 37359 | Slime:5  | Found the dreamshard necklace {*Dream Drain}
 37429 | Slime:5  | Banished the Royal Jelly
 37430 | Slime:5  | Gained mutation: Your magical capacity is low. (-10% MP)
                  | [hidden defects]
 37430 | Slime:5  | Lost mutation: You have hidden genetic defects. [hidden
                  | defects expressed]
 37985 | Slime:4  | Paralysed by a floating eye for 3 turns
 37994 | Slime:4  | Reached skill level 20 in Polearms
 38098 | Slime:2  | Reached XP level 20. HP: 174/174 MP: 28/28
 38215 | Slime:1  | Reached skill level 15 in Armour
 38583 | Vaults:1 | Entered Level 1 of the Vaults
 38591 | Vaults:1 | Noticed Donald
 38854 | Vaults:1 | Killed Donald
 38994 | Vaults:1 | Found Zyhap's General Store.
 39000 | Vaults:1 | Bought a scroll of enchant armour for 135 gold pieces
 39000 | Vaults:1 | Bought a potion of haste for 180 gold pieces
 39000 | Vaults:1 | Bought a scroll of teleportation for 54 gold pieces
 39056 | Vaults:1 | Received a gift from Okawaru
 39105 | Vaults:1 | Reached skill level 21 in Polearms
 39128 | Vaults:1 | Reached skill level 5 in Shields
 39182 | Vaults:1 | Found Obinkuvu's Jewellery Emporium.
 39720 | Vaults:1 | Acquired 792 gold pieces
 39764 | Vaults:1 | Bought a +6 ring of strength for 792 gold pieces
 39940 | Vaults:1 | Received a gift from Okawaru
 39971 | Vaults:1 | Got the Codex of Blasting
 40080 | Vaults:2 | Noticed Xtahua
 40090 | Vaults:2 | Killed Xtahua
 40095 | Vaults:2 | Reached skill level 22 in Polearms
 40161 | Vaults:2 | Received a gift from Okawaru
 40526 | Vaults:2 | Reached XP level 21. HP: 180/180 MP: 29/29
 40614 | Vaults:2 | Noticed Sojobo
 40629 | Arena    | Entered the Arena
 40642 | Arena    | Killed Sojobo
 40851 | Vaults:2 | Reached skill level 23 in Polearms
 40990 | Vaults:2 | Found a staircase to the Crypt.
 41191 | Vaults:2 | Reached skill level 10 in Shields
 41744 | Vaults:3 | Received a gift from Okawaru
 41797 | Vaults:3 | Received a gift from Okawaru
 41798 | Vaults:3 | Reached skill level 24 in Polearms
 41809 | Vaults:3 | Noticed Mara
 41820 | Vaults:3 | Noticed bakla's illusion
 42022 | Vaults:3 | Found Vyfa's Assorted Antiques.
 42047 | Vaults:3 | Killed Mara
 42057 | Vaults:3 | Bought a potion of heal wounds for 170 gold pieces
 42505 | Vaults:3 | Noticed Margery
 42516 | Vaults:3 | Killed Margery
 42784 | Vaults:4 | Found a flickering gateway to a bazaar.
 42790 | Bazaar   | Entered a bazaar
 42811 | Bazaar   | Found Mumuy's Book Shoppe.
 42827 | Bazaar   | Found Juddash's Armour Shoppe.
 42827 | Bazaar   | Found Sixelei's Book Emporium.
 42847 | Bazaar   | Found Gaur's Jewellery Shoppe.
 42847 | Bazaar   | Found Widoumumm's Magic Scroll Emporium.
 42858 | Bazaar   | Bought a scroll of blinking for 135 gold pieces
 42858 | Bazaar   | Bought a scroll of magic mapping for 135 gold pieces
 42858 | Bazaar   | Bought a scroll of immolation for 72 gold pieces
 42858 | Bazaar   | Bought a scroll of enchant armour for 135 gold pieces
 42858 | Bazaar   | Bought a scroll of immolation for 72 gold pieces
 42858 | Bazaar   | Bought a scroll of immolation for 72 gold pieces
 42858 | Bazaar   | Bought a scroll of teleportation for 54 gold pieces
 42858 | Bazaar   | Bought a scroll of teleportation for 54 gold pieces
 42858 | Bazaar   | Bought a scroll of teleportation for 54 gold pieces
 42912 | Vaults:4 | Noticed Frederick
 42926 | Vaults:4 | Killed Frederick
 42926 | Vaults:4 | Received a gift from Okawaru
 42927 | Vaults:4 | Reached XP level 22. HP: 184/187 MP: 29/29
 43356 | Vaults:4 | Identified the +12 glaive "Abetewn" {venom, Fly rPois Str+3
                  | Dex+3}
 43575 | Vaults:4 | Reached skill level 25 in Polearms
 43843 | Vaults:5 | Entered Level 5 of the Vaults
 43843 | Vaults:5 | Noticed a golden dragon
 43976 | Vaults:5 | Identified the staff of cold "Duoroep" {rC+ Will+ Str+3
                  | Dex+3}
 44004 | Vaults:5 | Noticed an ancient lich
 44015 | Vaults:5 | Killed an ancient lich
 44032 | Vaults:5 | Noticed an ancient lich
 44045 | Vaults:5 | Killed an ancient lich
 44059 | Vaults:5 | Received a gift from Okawaru
 44122 | Vaults:5 | Got Egyjuhan's Secrets of Charnel Company
 44137 | Vaults:5 | Identified the +0 plate armour "Naunuscho" {+Blink Will+
                  | Str+2}
 44147 | Vaults:5 | Identified the +12 morningstar of War {holy, Fly}
 44186 | Vaults:5 | Noticed a golden dragon
 44195 | Vaults:5 | Banished a golden dragon
 44247 | Vaults:5 | Reached skill level 26 in Polearms
 44272 | Vaults:5 | Killed a golden dragon
 44420 | Vaults:5 | Identified the +5 spear of Honour {freeze, Will+} (Okawaru
                  | gifted it to you on level 5 of the Vaults)
 44420 | Vaults:5 | Received a gift from Okawaru
 44585 | Vaults:5 | Reached skill level 27 in Polearms
 44602 | Vaults:5 | Reached skill level 1 in Evocations
 44689 | Vaults:5 | Found the +8 Vampire's Tooth {megavamp}
 44928 | Vaults:5 | Reached XP level 23. HP: 135/194 MP: 30/30
 44953 | Vaults:5 | Noticed a dread lich
 45094 | Vaults:4 | Killed a dread lich
 45228 | Vaults:5 | Reached skill level 5 in Evocations
 45447 | Vaults:5 | Identified the +1 scale mail of the Sun {Harm +Inv rPois
                  | rC-} (Okawaru gifted it to you on level 5 of the Vaults)
 45447 | Vaults:5 | Received a gift from Okawaru
 45481 | Vaults:5 | Got the Folio of Injury
 45503 | Vaults:5 | Acquired the +3 tower shield of Inference {Slay+2}
 45690 | Vaults:5 | Got a silver rune of Zot
 46234 | Depths:1 | Entered Level 1 of the Depths
 46432 | Depths:1 | Found a runed translucent gate.
 46432 | Depths:1 | Found a runed translucent gate.
 46432 | Depths:1 | Found a runed translucent gate.
 46576 | Depths:1 | Found a gateway to Hell.
 46782 | Depths:1 | Noticed the Enchantress
 46804 | Depths:1 | Killed the Enchantress
 46935 | Depths:1 | You fall into a shaft and drop 1 floor!
 46943 | Depths:2 | Acquired 928 gold pieces
 46987 | Depths:2 | Found the necklace of Bloodlust {Fury *Rage Will++ Int-3
                  | Slay+6}
 47229 | Depths:2 | Found a one-way gateway to a ziggurat.
 47229 | Depths:2 | Found Kuomimaamp's Antique Weapon Emporium.
 47322 | Depths:2 | Bought an encrusted trident for 331 gold pieces
 47322 | Depths:2 | Identified the +11 trident of Oliku {flame, rPois rCorr
                  | Str-3 Stlth+} (You bought it in a shop on level 2 of the
                  | Depths)
 47609 | Depths:2 | Identified the staff of cold "Tapp" {rC+ Str+2}
 47801 | Depths:2 | Identified the +0 robe of Niclerat {rPois Archmagi}
 48486 | Depths:3 | Reached skill level 15 in Shields
 48674 | Depths:3 | Noticed a golden dragon
 48683 | Depths:3 | Killed a golden dragon
 48816 | Depths:3 | Reached XP level 24. HP: 206/206 MP: 30/30
 49025 | Depths:3 | Noticed a caustic shrike
 49037 | Depths:3 | Banished a caustic shrike
 49059 | Depths:3 | Identified the +0 plate armour of Failure {Harm rElec
                  | Regen+ Slay-5} (Okawaru gifted it to you on level 3 of the
                  | Depths)
 49059 | Depths:3 | Received a gift from Okawaru
 49335 | Depths:3 | Found a one-way gate to the infinite horrors of the Abyss.
 49635 | Depths:4 | Entered Level 4 of the Depths
 50202 | Depths:4 | Found a gate to the Realm of Zot.
 50487 | Depths:4 | Gained mutation: You occasionally lose the ability to drink
                  | potions when taking damage. [a cacodemon]
 50896 | Zot:1    | Entered Level 1 of the Realm of Zot
 51148 | Zot:1    | Received a gift from Okawaru
 51617 | Zot:2    | Identified the ring "Byd Lo Luq" {Ice rPois}
 51617 | Zot:2    | Noticed Josephina
 51653 | Zot:2    | Banished Josephina
 51654 | Zot:2    | Reached XP level 25. HP: 167/212 MP: 30/30
 51913 | Zot:3    | Noticed an orb of fire
 52078 | Zot:1    | Received a gift from Okawaru
 52558 | Zot:5    | Entered Level 5 of the Realm of Zot
 52974 | Zot:5    | Found the +4 dragonskin cloak
 52974 | Zot:5    | Noticed Tiamat
 52988 | Zot:5    | Banished Tiamat
 53534 | Zot:5    | Noticed an orb of fire
 53762 | Zot:5    | Noticed a Killer Klown
 53768 | Zot:5    | Noticed a Killer Klown
 53801 | Zot:5    | Noticed an orb of fire
 53803 | Zot:5    | Gained mutation: You sometimes lose the ability to drink
                  | potions when taking damage. [an orb of fire]
 53806 | Zot:5    | Gained mutation: Your flesh is cold resistant. (rC+) [an
                  | orb of fire]
 53819 | Zot:5    | Killed a Killer Klown
 53971 | Zot:5    | Noticed an ancient lich
 53981 | Zot:5    | Banished an ancient lich
 54089 | Zot:5    | Identified the +9 long sword of Parts Unknown {pain, Fly
                  | MP-9 Str+3 Dex+3}
 54183 | Zot:5    | Gained mutation: You are clumsy. (Dex -2) [an orb of fire]
 54185 | Zot:5    | Lost mutation: You are clumsy. (Dex -2) [an orb of fire]
 54196 | Zot:5    | Gained mutation: Your movements are slightly less
                  | encumbered by armour. (ER -2) [an orb of fire]
 54198 | Zot:5    | Lost mutation: You are weak. (Str -2) [an orb of fire]
 54203 | Zot:5    | Killed an orb of fire
 54203 | Zot:5    | Received a gift from Okawaru
 54241 | Zot:5    | Killed a Killer Klown
 54382 | Zot:5    | Noticed a dread lich
 54402 | Zot:5    | Noticed an ancient lich
 54420 | Zot:5    | Killed a dread lich
 54432 | Zot:5    | Killed an ancient lich
 54759 | Zot:5    | Noticed a Killer Klown
 54762 | Zot:5    | Banished a Killer Klown
 54763 | Zot:5    | Reached XP level 26. HP: 220/220 MP: 30/30
 54799 | Zot:5    | Noticed a dread lich
 54809 | Zot:5    | Paralysed by a dread lich for 2 turns
 54820 | Zot:5    | Killed a dread lich
 54863 | Zot:5    | Killed an orb of fire
 54868 | Zot:5    | Got the Orb of Zot
 54923 | Zot:5    | Noticed an ancient lich
 55226 | D:9      | Noticed Ten Ykke the pandemonium lord
 55402 | D:$      | Escaped with the Orb!

Illustrated notes

Levels and vault maps discovered:
D:1:      lightli_arrival_boilingwater, layout_loops_ring, serial_shops, shop,
          dreamdust_mushroom_princess
D:2:      kennysheep_big_flooded_room, layout_basic, minmay_pentomino_o2
D:3:      layout_basic, tgw_sif, gammafunk_ghost_smash,
          ebering_ecumenical_altar_mist, minmay_misc_feat_alley,
          minmay_joined_circles
D:4:      layout_loops_cross, nicolae_overflow_hidden_temple,
          minmay_temple_entry_wispy, uniq_edmund, uniq_crazy_yiuf_cottage
D:5:      layout_rooms, zin_angel, nzn_hepliaklqana_mist_gate,
          minmay_misc_feat_plants, minmay_holes
D:6:      layout_basic, minmay_misc_feat_cross, minivault_5,
          uniq_prince_ribbit1, uniq_menkaure, uniq_eustachio, uniq_duvessa
D:7:      layout_rooms, uniq_pikel
D:8:      layout_basic, serial_corexii_hall, corexii_hall_statues_s,
          corexii_hall_statues_t, chequers_hall_statues_corner_a,
          corexii_hall_statues_l, chequers_hall_statues_wall_a,
          chequers_hall_statues_y
D:9:      layout_roguey, mainiacjoe_overflow_catch_the_wave, david_lair_generic,
          minmay_orc_keep
D:10:     layout_irregular_city, mainiacjoe_overflow_big_doors,
          minmay_misc_feat_chi
D:11:     layout_basic, orc_0_dummy, uniq_gastronok
D:12:     layout_loops_cross, due_unseen_surprise
D:13:     layout_rooms, erik_vaults_2
D:14:     layout_roguey, serial_demonic, serial_demonic_e, serial_demonic_f,
          serial_demonic_f, serial_demonic_e, serial_demonic_d,
          vehumet_altar_wand_db
D:15:     grunt_enter_depths_snipers, layout_irregular_city,
          portal_ice_cave_entry_pillars_1, serial_bayou_pond_a, serial_shops,
          nicolae_shop_waterfront, nicolae_shop_bloodbath_and_beyond,
          shop_scrolls
Temple:   compressed_dpeg_circular_temple
Lair:1:   layout_cave_shapes, nicolae_volcano_entry_batcave
Lair:2:   layout_roguey, uniq_amaemon
Lair:3:   layout_chaotic_city, skrybe_swamp_entry_bodies, dummy_spider_entry,
          grunt_megastairs_5
Lair:4:   layout_cave_pods
Lair:5:   minmay_lair_end_frog_pond, layout_hall_layers,
          minmay_slime_entry_pillars
Swamp:1:  layout_basic_swamp, evilmike_swamp_ruin_house_1,
          infiniplex_staircase_pool_2
Swamp:2:  layout_basic_swamp, evilmike_swamp_ruin_house_3,
          nicolae_swamp_tree_designs, infiniplex_staircase_pool
Swamp:3:  nicolae_swamp_phyte_club, layout_basic_swamp,
          evilmike_swamp_ruin_rubble_1, nicolae_swamp_triple_paths, swamp_pool1,
          nicolae_swamp_little_swirl, uniq_nikola
Swamp:4:  byrel_swamp_growth_death_and_undeath, layout_basic_swamp
Spider:1: layout_spider_delve
Spider:2: layout_spider_delve
Spider:3: layout_spider_delve
Spider:4: spider_rune_water
Slime:1:  layout_caves
Slime:2:  layout_caves, cheibrodos_slime_lost_civilization_6
Slime:3:  layout_caves
Slime:4:  layout_caves
Slime:5
Orc:1:    layout_caves, basic_altar, nicolae_orc_pool_cavern
Orc:2:    pf_orc_diabolical, layout_caves, serial_shops, bzr_firewalk,
          mines4_lemuel
Vaults:1: v_alt_pattern_2, hangedman_vaults_impose, vaults_room_guarded_vault,
          vaults_dpeg_encased_lava, nicolae_vaults_circle_grid_a, v_misc_2,
          hangedman_vaults_slice, nicolae_vaults_specimen_jars,
          vaults_room_ringed_pool, ontoclasm_vaults_decontamination,
          grunt_vaults_hallway_short, hangedman_vaults_cutoff,
          layout_vaults_omnicross, serial_shops, nicolae_diamond_shop,
          nicolae_diamond_shop, uniq_donald
Vaults:2: minmay_crypt_entry_simple_round, ontoclasm_vaults_gallery,
          hangedman_vaults_restitches, v_alt_pattern_5, grunt_vaults_twisty,
          nicolae_vaults_little_squares_6, hangedman_vaults_maws,
          layout_vaults_omnigrid, uniq_sojobo, uniq_xtahua
Vaults:3: v_misc_28, grunt_vaults_swirl, vaults_dpeg_hooks,
          grunt_vaults_hallway_short, v_misc_25,
          nicolae_vaults_little_squares_3, nicolae_vaults_alarming, v_misc_18,
          hangedman_vaults_cutoff, vaults_standard_mumra_enter_the_diamond,
          layout_vaults_omnibox, serial_shops, nicolae_shop_overgrown_old_shop,
          uniq_margery, uniq_mara
Vaults:4: vaults_room_octagon, v_misc_11, v_misc_2, hangedman_vaults_nails,
          nicolae_vaults_mini_display_case, ontoclasm_vaults_bender,
          v_pattern_1, vaults_dpeg_diagonal, nicolae_vaults_back_hallway,
          ontoclasm_vaults_shuriken, v_misc_23, v_alt_pattern_1,
          nicolae_vaults_yaktaur_gun_rack, layout_vaults_ring, serial_shops,
          bzr_entry_safe, uniq_frederick
Vaults:5
Depths:1: layout_gridlike, hangedman_tar_grid_catacomb, pandoras_box_mu,
          uniq_enchantress
Depths:2: minmay_mutant_horseshoe, layout_gridville, enter_ziggurat_e,
          hangedman_abyss_or_decor_lesser_grid, hell_entry, serial_shops,
          shop_fountains, pan_entry
Depths:3: hangedman_cross_veins, layout_gridville, hell_entry,
          chequers_serial_rivers_micro_d, abyss_entry, serial_bayou_shore_b
Depths:4: evilmike_zot_entry_round, layout_cave_pools, hell_entry,
          grunt_pan_entry_spiral, minmay_misc_feat_four_crosses
Zot:1:    nicolae_zot_stationary_front, layout_basic
Zot:2:    layout_misc_corridors, uniq_vv, uniq_josephina
Zot:3:    kennysheep_spiral_hall, layout_misc_corridors, nicolae_diode_quadrants
Zot:4:    dreamdust_zin_vs_xom, layout_twisted_circle
Zot:5:    layout_cathedral_of_symmetry, uniq_tiamat

Skill      XL: |  1  2  3  4  5  6  7  8  9 10 11 12 13 14 15 16 17 18 19 20 21 22 23 24 25 26 |
---------------+-------------------------------------------------------------------------------+-----
Armour         | 1 2 3 4 5 6 7 8 9 10 11 12 13 14 15 | 15.0
Fighting       | 3 4 5 6 7 8 9 10 11 13 14 15 17 18 19 20 | 20.8
Polearms       | 5 6 7 9 10 13 15 17 20 22 24 27 | 27.0
Dodging        | 5 6 7 9 10 11 12 14 15 17 18 19 | 19.0
Invocations    | 1 2 4 5 7 8 9 10 11 12 14 15 | 15.0
Shields        | 1 4 8 12 14 15 20 23 24 | 24.0
Evocations     | 3 8 |  8.2
Throwing       | |  2.0

Action                     |  1- 3 |  4- 6 |  7- 9 | 10-12 | 13-15 | 16-18 | 19-21 | 22-24 | 25-27 || total
---------------------------+-------+-------+-------+-------+-------+-------+-------+-------+-------++-------
  Melee: Trident           |   125 |   208 |   465 |   252 |       |       |       |       |       ||  1050
         Punch             |     3 |     4 |     7 |     2 |     1 |       |       |       |       ||    17
         Glaive            |       |       |       |   550 |       |       |       |       |       ||   550
         Demon trident     |       |       |       |       |  1225 |  1524 |  1517 |  1543 |   585 ||  6394
         Tailslap          |       |       |       |       |       |    12 |     4 |     3 |     4 ||    23
  Throw: Throwing net      |       |     4 |     1 |     1 |       |       |     2 |       |       ||     8
         Javelin           |       |     1 |       |       |       |       |       |       |       ||     1
         Dart              |       |       |    11 |     2 |     3 |       |       |       |       ||    16
 Invoke: Heroism           |       |       |     1 |     8 |     7 |     5 |    12 |     7 |     5 ||    45
         Finesse           |       |       |       |     1 |       |     1 |     3 |     4 |     4 ||    13
         Duel              |       |       |       |       |       |     1 |     1 |       |       ||     2
  Evoke: Wand              |       |       |       |     3 |       |     1 |       |     4 |     1 ||     9
         Condenser vane    |       |       |       |       |       |       |     2 |     3 |       ||     5
         Phial of floods   |       |       |       |       |       |       |       |     1 |       ||     1
    Use: Scroll            |     5 |    10 |     5 |     7 |    13 |     5 |     9 |    16 |     6 ||    76
         Potion            |     1 |     1 |     3 |     3 |     2 |     4 |     7 |     9 |     9 ||    39
   Stab: Sleeping          |     1 |     4 |       |       |       |       |       |       |       ||     5
         Distracted        |       |     1 |       |       |       |     3 |       |     2 |       ||     6
         Held in net/web   |       |     5 |     1 |       |       |       |       |       |       ||     6
         Invisible         |       |       |       |       |     2 |       |       |       |       ||     2
         Confused          |       |       |       |       |       |       |       |     3 |       ||     3
 Armour: Leather armour    |    33 |    42 |       |       |       |       |       |       |       ||    75
         Fire dragon scale |       |    21 |     9 |       |       |       |       |       |       ||    30
         Chain mail        |       |       |   203 |   430 |    62 |       |       |       |       ||   695
         Crystal plate arm |       |       |       |       |   378 |   700 |   495 |   363 |   129 ||  2065
  Dodge: Dodged            |    68 |   105 |   212 |   575 |   306 |   628 |   549 |   434 |   127 ||  3004
         Repelled          |       |       |       |       |     3 |    20 |    22 |    19 |    22 ||    86
  Block: Buckler           |       |       |       |    56 |   159 |   247 |   257 |       |       ||   719
         Reflection        |       |       |       |       |       |       |    16 |    32 |     6 ||    54
         Kite shield       |       |       |       |       |       |       |       |   682 |   126 ||   808
         Tower shield      |       |       |       |       |       |       |       |       |   118 ||   118

Table legend: (Time is in decaauts)
 A = Elapsed time spent in this place.
 B = Non-inter-level travel time spent in this place.
 C = Inter-level travel time spent in this place.
 D = Time resting spent in this place.
 E = Time spent auto-exploring this place.
 F = Levels seen in this place.
 G = Mean time per level.
                   A        B        C        D        E       F      G
               +--------+--------+--------+--------+--------+-----+--------+
         Total |  54979 |  50404 |   4575 |   6067 |  31712 |  56 |  981.8 |
       Dungeon |  16087 |  13722 |   2365 |    824 |   9826 |  15 | 1072.5 |
        Temple |     76 |     42 |     34 |      0 |     29 |   1 |   76.0 |
          Lair |   5721 |   5038 |    683 |    161 |   3797 |   5 | 1144.2 |
         Swamp |   4115 |   3901 |    214 |    423 |   2825 |   4 | 1028.8 |
   Spider Nest |   6442 |   6260 |    182 |    681 |   4604 |   4 | 1610.5 |
    Slime Pits |   2829 |   2620 |    209 |    605 |   1211 |   5 |  565.8 |
  Orcish Mines |   1706 |   1498 |    208 |      2 |   1030 |   2 |  853.0 |
        Vaults |   7200 |   6711 |    489 |    369 |   4423 |   5 | 1440.0 |
        Depths |   4856 |   4698 |    158 |    845 |   2721 |   4 | 1214.0 |
           Zot |   3896 |   3867 |     29 |   1791 |    467 |   5 |  779.2 |
        Bazaar |    231 |    231 |      0 |      0 |    178 |   2 |  115.5 |
      Ice Cave |    832 |    832 |      0 |    240 |    173 |   1 |  832.0 |
       Volcano |    946 |    946 |      0 |    124 |    424 |   1 |  946.0 |
         Arena |     36 |     36 |      0 |      0 |      0 |   2 |   18.0 |
               +--------+--------+--------+--------+--------+-----+--------+

Top non-repeatable levels by time:
Spider:4: 2384 daAuts
   Zot:5: 2241 daAuts
Spider:1: 2226 daAuts
 Swamp:4: 1818 daAuts
Vaults:5: 1654 daAuts
Depths:2: 1614 daAuts
Vaults:4: 1564 daAuts
     D:3: 1564 daAuts
     D:6: 1515 daAuts
Vaults:2: 1500 daAuts
     D:8: 1463 daAuts
  Lair:5: 1412 daAuts
Vaults:1: 1310 daAuts
   Orc:2: 1303 daAuts
     D:9: 1271 daAuts
